 Dungeon Crawl Stone Soup version 0.20-a0-1089-g3fde505 (webtiles) character file.

274 Monsterracer the Digger (level 6, -8/32 HPs)
             Began as a Gargoyle Earth Elementalist on May 2, 2017.
             Mangled by Menkaure (19 damage)
             ... on level 4 of the Dungeon.
             The game lasted 00:11:32 (4172 turns).

Monsterracer the Digger (GrEE)                      Turns: 4172, Time: 00:11:32

Health: -8/32      AC: 10    Str: 10 (12) XL:     6   Next: 24%
Magic:  3/8        EV: 12    Int: 17 (19) God:
Gold:   213        SH:  0    Dex: 10      Spells: 0/11 levels left

rFire    + . .     SeeInvis .   g - +0 flail
rCold    . . .     Gourm    .   (no shield)
rNeg     + . .     Faith    .   c - +0 robe
rPois    ∞         Spirit   .   i - +1 helmet
rElec    +         Reflect  .   (no cloak)
rCorr    .         Harm     .   (no gloves)
MR       .....     Clarity  +   (no boots)
Stlth    ++........             (no amulet)
Regen    0.1/turn               (no ring)
MPRegen  0.2/turn               s - ring of protection from fire

@: flying, very slightly contaminated
A: big wings, yellow scales 1, clarity, clever 1, low mp 2, negative energy
resistance 1, electricity resistance, unbreathing, petrification resistance, rot
immunity, AC +4
a: Stop Flying


You were on level 4 of the Dungeon.
You were not hungry.

You visited 1 branch of the dungeon, and saw 4 of its levels.

You collected 213 gold pieces.

Inventory:

Hand Weapons
 g - a +0 flail (weapon)
Missiles
 b - 104 stones (quivered)
Armour
 c - a +0 robe (worn)
 i - a +1 helmet (worn)
Jewellery
 s - a ring of protection from fire (right hand)
Wands
 h - a wand of paralysis (11/24)
Scrolls
 a - 2 scrolls of teleportation
 f - 7 scrolls of identify
 r - 3 scrolls of fog
Potions
 t - a potion of invisibility
Books
 e - a book of Geomancy

   Spells                             Type                      Level
   a - Sandblast                      Earth                        1
   b - Passwall                       Transmutation/Earth          2
   c - Stone Arrow                    Conjuration/Earth            3
   d - Petrify                        Transmutation/Earth          4
   e - Lee's Rapid Deconstruction     Earth                        5
 q - a book of Misfortune

   Spells                             Type                      Level
   a - Confusing Touch                Hexes                        1
   b - Confuse                        Hexes                        3
   c - Gell's Gravitas                Translocation                3
   d - Petrify                        Transmutation/Earth          4
   e - Metabolic Englaciation         Hexes/Ice                    5
   f - Yara's Violent Unravelling     Hexes/Transmutation          5
Comestibles
 d - 3 bread rations


   Skills:
 * Level 2.4 Maces & Flails
 - Level 1.5 Dodging
 - Level 2.1 Stealth
 + Level 3.0 Spellcasting
 + Level 1.3 Conjurations
 - Level 0.7 Transmutations
 * Level 6.4 Earth Magic


You couldn't memorise any spells.
You knew the following spells:

 Your Spells              Type           Power        Failure   Level  Hunger
a - Sandblast             Erth           ###...       1%          1    None
b - Passwall              Tmut/Erth      ##........   6%          2    ##.....
c - Stone Arrow           Conj/Erth      ###...       11%         3    ###....
d - Lee's Rapid Deconstr  Erth           ###.......   32%         5    ######.


Dungeon Overview and Level Annotations

Branches:
Dungeon (4/15)
 Temple: D:4-7

Altars:
Makhleb
Ru

Annotations:
D:4 Menkaure


Innate Abilities, Weirdness & Mutations

You are resistant to torment.
Your stone body is resilient. (AC +4)
You are immune to poison.
You resist negative energy. (rN+)
You are resistant to electric shocks. (rElec)
You can survive without breathing.
You are immune to petrification.
You are immune to rotting.
Your large and strong wings let you fly indefinitely.
You are partially covered in yellow scales. (AC +2)
You possess an exceptional clarity of mind.
Your mind is acute. (Int +2)
Your magical capacity is very low. (-20% MP)


Message History

You barely miss Menkaure.
Menkaure is heavily damaged.
The hound skeleton completely misses you.
Menkaure closely misses you. The hound skeleton closely misses you.
You sock Menkaure!
Menkaure is almost destroyed.
The hound skeleton misses you.
Menkaure mumbles, "It doesn't hurt if you pull your brain out of your nose yourself."
Menkaure casts a spell at you. Pain shoots through your body!
You hit Menkaure.
Menkaure is almost destroyed.
The hound skeleton completely misses you.
Menkaure hits you! The hound skeleton closely misses you.
You hit Menkaure but do no damage.
Menkaure is almost destroyed.
The hound skeleton bites you but does no damage.
Menkaure hits you!!
Ouch! That really hurt!
You die...

...# ###'#######.....#..#.##....
#'#######.............##.#.#####+
........########+#######...# #.
........##.........# ##..#####.
........##.........# ##.>......
........##.....?...# #.........
........##.........# #.........
#'########.....M...# #.........
........##......@Z.# #.........
.....##.##.........# #.........
####.##.##########.# #......(.. #
#.##.# #.# #......... ####.##.#
#.# #......... .....##.# #.#
#......... #######.# #.#
########## #.# #.# #.# #.#


You could see Menkaure and a hound skeleton.

Vanquished Creatures
  A crimson imp (D:1)
  A hound (D:4)
  A worker ant (D:4)
  An orc wizard (D:2)
  7 adders
  2 oozes (D:3)
  An adder skeleton (D:4)
  A worm (D:2)
  2 dart slugs (D:1)
  2 leopard geckos
  2 orcs (D:3)
  2 ball pythons (D:4)
  5 giant cockroaches
  8 goblins
  9 hobgoblins
  8 jackals
  6 kobolds
  A quokka (D:4)
  8 bats
  3 frilled lizards (D:1)
  7 rats
78 creatures vanquished.

Notes
Turn   | Place    | Note
-------+----------+-------------------------------------------
     0 | D:1      | Monsterracer the Gargoyle Earth Elementalist began the quest for the Orb.
     0 | D:1      | Reached XP level 1. HP: 10/10 MP: 3/3
   299 | D:1      | Reached skill level 4 in Earth Magic
   490 | D:1      | Reached XP level 2. HP: 15/15 MP: 0/5
   573 | D:1      | Learned a level 2 spell: Passwall
  1196 | D:1      | Noticed a crimson imp
  1216 | D:1      | Killed a crimson imp
  1216 | D:1      | Reached skill level 1 in Maces & Flails
  1216 | D:1      | Reached skill level 5 in Earth Magic
  1216 | D:1      | Reached XP level 3. HP: 16/19 MP: 1/6
  1221 | D:1      | Learned a level 3 spell: Stone Arrow
  1347 | D:1      | Reached XP level 4. HP: 24/24 MP: 7/7
  1907 | D:2      | Gained mutation: Your magical capacity is low. (-10% MP) [potion of mutation]
  1907 | D:2      | Gained mutation: Your magical capacity is very low. (-20% MP) [potion of mutation]
  1907 | D:2      | Gained mutation: You possess an exceptional clarity of mind. [potion of mutation]
  1907 | D:2      | Gained mutation: Your flesh is cold resistant. (rC+) [potion of mutation]
  1972 | D:2      | Found a faded altar of an unknown god.
  2382 | D:2      | Lost mutation: Your flesh is cold resistant. (rC+) [potion of mutation]
  2382 | D:2      | Gained mutation: Your large and strong wings let you fly indefinitely. [potion of mutation]
  2382 | D:2      | Gained mutation: Your mind is acute. (Int +2) [potion of mutation]
  2382 | D:2      | Gained mutation: You are partially covered in yellow scales. (AC +2) [potion of mutation]
  2592 | D:2      | Found a sacrificial altar of Ru.
  2595 | D:2      | Reached XP level 5. HP: 28/28 MP: 7/7
  2680 | D:2      | Found a burning altar of Makhleb.
  2788 | D:2      | Reached skill level 1 in Conjurations
  3316 | D:3      | Reached skill level 6 in Earth Magic
  3715 | D:4      | Reached XP level 6. HP: 31/32 MP: 2/8
  3722 | D:4      | Learned a level 5 spell: Lee's Rapid Deconstruction
  4161 | D:4      | Noticed Menkaure
  4172 | D:4      | Mangled by Menkaure

Vault maps used:
D:1:      dpeg_arrival_windows_large_door, minmay_heptomino_d4
D:2:      nicolae_ru_great_annihilating_truth, chequers_ecumenical_altar_island,
          bloody_makhleb
D:4:      cheibrodos_quashed, uniq_menkaure

Skill      XL: |  1  2  3  4  5 |
---------------+----------------+-----
Earth Magic    | 4 5 6 |  6.4
Maces & Flails | 1 2 |  2.4
Conjurations   | 1 |  1.3
Spellcasting   | 3 |  3.0
Dodging        | |  1.5
Stealth        | |  2.1
Transmutations | |  0.7

Action                   |  1- 3 |  4- 6 || total
-------------------------+-------+-------++-------
Melee: Unarmed           |    17 |       ||    17
       Club              |    55 |   143 ||   198
       Whip              |       |   114 ||   114
       Flail             |       |    35 ||    35
 Cast: Sandblast         |    17 |    14 ||    31
       Stone Arrow       |       |    13 ||    13
 Abil: Fly               |       |     1 ||     1
  Use: Potion            |     2 |     8 ||    10
       Scroll            |       |     9 ||     9
 Stab: Sleeping          |     3 |     3 ||     6
       Distracted        |     1 |       ||     1
       Invisible         |       |     1 ||     1
  Eat: Chunk             |     1 |     7 ||     8
       Meat ration       |       |     1 ||     1
Armor: Robe              |    37 |   142 ||   179
Dodge: Dodged            |    85 |   322 ||   407
